 Dungeon Crawl Stone Soup version 0.17-a0-2127-g1cb09f6 (webtiles) character file.

15 Azhtabak the Magician (level 2, 17/17 HPs)
             Began as an Octopode Wizard on Oct 23, 2015.
             Quit the game on level 2 of the Dungeon.
             The game lasted 00:05:35 (898 turns).

Azhtabak the Magician (Octopode Wizard)              Turns: 898, Time: 00:05:35

Health: 17/17      AC:  1    Str:  6    XL:     2   Next: 50%
Magic:  6/6        EV: 12    Int: 20    God:
Gold:   43         SH:  0    Dex: 10    Spells: 3 memorised, 2 levels left

rFire  . . .     SeeInvis .     m - -2 dagger (curse)
rCold  . . .     Clarity  .     (no shield)
rNeg   . . .     SustAt   .     a - +0 hat
rPois  .         Gourm    .     (no amulet)
rElec  .         Spirit   .     (no ring)
rCorr  .         Warding  .     (no ring)
rMut   .         Stasis   .     (no ring)
MR     .....                    (no ring)
Stlth  +++.......               (no ring)
                                (no ring)
                                (no ring)
                                (no ring)

@: not resistant to hostile enchantments, fairly stealthy
A: almost no armour, amphibious, 8 rings, constrict 8, camouflage 1, gelatinous
body 1
a: no special abilities


You were on level 2 of the Dungeon.
You were not hungry.

You visited 1 branch of the dungeon, and saw 2 of its levels.

You collected 43 gold pieces.

Inventory:

Hand Weapons
 b - a +0 hunting sling
 m - a cursed -2 dagger (weapon)
Armour
 a - a +0 hat (worn)
Potions
 d - a potion of ambrosia {unknown}
 f - a potion of might {unknown}
 i - a potion of haste {unknown}
 j - a potion of flight {unknown}
 k - a potion of curing {unknown}
 l - a potion of magic {unknown}
Books
 e - a book of Minor Magic

   Spells                             Type                      Level
   a - Magic Dart                     Conjuration                  1
   b - Blink                          Translocation                2
   c - Call Imp                       Summoning                    2
   d - Repel Missiles                 Charms/Air                   2
   e - Slow                           Hexes                        2
   f - Conjure Flame                  Conjuration/Fire             3
   g - Mephitic Cloud                 Conjuration/Poison/Air       3
Comestibles
 c - 2 bread rations
 g - 4 fruits


   Skills:
 * Level 0.2 Fighting
 * Level 2.2 Dodging
 * Level 2.8 Stealth
 + Level 3.3 Spellcasting
 * Level 1.3 Conjurations
   Level 1.0 Summonings
 * Level 1.0 Translocations


You had 2 spell levels left.
You knew the following spells:

 Your Spells              Type           Power        Failure   Level  Hunger
a - Magic Dart            Conj           #...         10%         1    None
b - Blink                 Tloc           N/A          17%         2    ##.....
c - Slow                  Hex            #.......     24%         2    ##.....


Dungeon Overview and Level Annotations

Branches:
Dungeon (2/15)

Altars:


Innate Abilities, Weirdness & Mutations

You cannot wear most types of armour.
You are amphibious.
You can wear up to eight rings at the same time.
You can use your tentacles to constrict eight enemies at once.
Your skin changes colour to match your surroundings (Stealth).
Your rubbery body absorbs attacks (AC +1).


Message History

You are now empty-tentacled.
You drop a -1 dagger.
Wield which item (- for none, * to show all)? (? for menu, Esc to quit)
It sticks to your tentacle!
m - a cursed -2 dagger (weapon)
Your surroundings suddenly seem different.
An adder comes into view.
Found a bread ration.
Found a stone staircase leading down.
Found a glowing cyan potion.
Found 9 gold pieces.
f - a glowing cyan potion Unknown command.
Quiver which item? (- for none, * to show all) (? for menu, Esc to quit)
Okay, then.
Unknown command.
Unknown command.
Quiver which item? (- for none, * to show all) (? for menu, Esc to quit)
Okay, then.
Are you sure you want to abandon this character and quit the game? (Confirm with "yes".)
Okay, then.
Are you sure you want to abandon this character and quit the game? (Confirm with "yes".)

......
#..#.##..####
#..#.#......#
..#.#....#.#
#.#.#..###.#
#...#......#
#..$#..#####.
#...#........
#@...###...
#..#.# .
......#
........#
#........#
#.....%.>#
#........#
##########


There were no monsters in sight!

Vanquished Creatures
  4 bats
  A giant cockroach (D:1)
  2 hobgoblins (D:1)
  A kobold (D:1)
  3 goblins (D:1)
  3 rats (D:1)
14 creatures vanquished.

Notes
Turn   | Place    | Note
--------------------------------------------------------------
     0 | D:1      | Azhtabak the Octopode Wizard began the quest for the Orb.
     0 | D:1      | Reached XP level 1. HP: 11/11 MP: 4/4
   144 | D:1      | Reached XP level 2. HP: 12/17 MP: 1/6
   241 | D:1      | Learned a level 2 spell: Blink
   244 | D:1      | Learned a level 2 spell: Slow
   780 | D:2      | Found a faded altar to an unknown god.
   898 | D:2      | Quit the game

Vault maps used:
D:1:      matt_arrival_grand_opening
D:2:      ecumenical_altar_1

Action                   || total
-------------------------++-------
Melee: Unarmed           ||     8
       Dagger            ||    10
 Cast: Magic Dart        ||    14
  Use: Scroll            ||     4
 Stab: Sleeping          ||     3
